 Dungeon Crawl Stone Soup version 0.32-a0-418-g34023cf50c (webtiles) character file.

Game seed: 1976149602530806092

221 Gargoyl the Chopper (level 5, 0/34 HPs)
             Began as a Gargoyle Berserker on Feb 21, 2024.
             Was a Believer of Trog.
             Slain by an orc wizard
             ... wielding a +0 dagger
              (4 damage)
             ... on level 3 of the Dungeon.
             The game lasted 00:03:34 (1646 turns).

Gargoyl the Chopper (Gargoyle Berserker)            Turns: 1646, Time: 00:03:35

Health: 0/34       AC: 15    Str: 20    XL:     5   Next: 98%
Magic:  5/5        EV:  8    Int:  8    God:    Trog [**....]
Gold:   95         SH:  0    Dex: 11    Spells: 4/4 levels left

rFire   + . .        d - +1 hand axe (elec)
rCold   . . .        (no shield)
rNeg    + . .        f - +2 chain mail
rPois   ∞            (no helmet)
rElec   +            (no cloak)
rCorr   .            (no gloves)
SInv    .            (no boots)
Will    .....        (no amulet) Stlth
                     e - ring of protection from fire
HPRegen 0.25/turn    (no ring)
MPRegen 0.09/turn

%: no passive effects
@: confused, on berserk cooldown, slowed, very slow
A: sickness immunity, AC +4, negative energy resistance 1, electricity
resistance, torment resistance 1, petrification resistance
a: Renounce Religion, Berserk, Trog's Hand


You were on level 3 of the Dungeon.
You worshipped Trog.
Trog was pleased with you.
You visited 1 branch of the dungeon, and saw 3 of its levels.

You collected 95 gold pieces.

Inventory:

Hand Weapons
 a - a +0 hand axe
 d - a +1 hand axe of electrocution (weapon)
Armour
 f - a +2 chain mail (worn)
Jewellery
 e - a ring of protection from fire (left hand)
 h - a ring of fire
 n - a +6 ring of intelligence
Wands
 k - a wand of mindburst (11)
Scrolls
 i - a scroll of enchant armour
 j - a scroll of blinking
 l - a scroll of teleportation
Potions
 b - a potion of ambrosia
 c - a potion of brilliance {unknown}
 g - a potion of curing {unknown}
 m - a potion of heal wounds {unknown}


   Skills:
 + Level 4.4 Fighting
 + Level 4.6 Axes
 + Level 3.1 Armour
 + Level 2.1 Dodging
 + Level 0.2 Stealth


You had 4 spell levels left.
You didn't know any spells.
Your spell library was empty.

Dungeon Overview and Level Annotations

Branches:
Dungeon (3/15)

Altars:


Innate Abilities, Weirdness & Mutations

You are immune to sickness and miasma.
Your stone body is resilient. (AC +4)
You are immune to poison.
You resist negative energy. (rN+)
You are resistant to electric shocks. (rElec)
You are resistant to unholy torment.
You are immune to petrification.


Message History

A magic dart appears from out of thin air!
The magic dart hits you but does no damage.
The orc hits you but does no damage. Space warps around you.
The orc hits you but does no damage. The orc closely misses you.
The orc hits you but does no damage. Space warps horribly around you.
* * * LOW HITPOINT WARNING * * *
The orc wizard barely misses you.
You closely miss the orc wizard.
The orc wizard is heavily wounded.
You slash the orc! You hit the orc.
You kill the orc!
Trog accepts your kill.
You closely miss something. You hit the orc.
The orc wizard hits you but does no damage.
The orc closely misses you. The orc hits you but does no damage.
The orc barely misses you.
The orc wizard hits you but does no damage.
Something hits you but does no damage. The orc barely misses you.
You closely miss the orc.
The orc is lightly wounded.
You hit the orc.
You kill the orc!
Trog accepts your kill.
You closely miss something. You closely miss the orc wizard.
Something hits you.
* * * LOW HITPOINT WARNING * * *
The orc wizard barely misses you. The orc hits you but does no damage.
The giant cockroach barely misses you.
You miss the orc wizard.
The orc wizard is heavily wounded.
You hit the orc. Lightning courses through the orc!
You kill the orc!
Trog accepts your kill.
You barely miss the giant cockroach. You completely miss something.
Something hits you but does no damage.
The orc wizard hits you with a +0 dagger.
* * * LOW HITPOINT WARNING * * *
The giant cockroach bites you but does no damage.
The orc wizard hits you with a +0 dagger.
You die...

#####...##.#.#.# # #
#.####.# .# # #.#
#.# ##.## #
##.####.# ......
####.#.....#.#
......
....###......# #...♣
####.#..######
##...♣ # ##.#.#
####{o..♣ # #.#.#
#..)@#..♣ # #.#.##
#.##oB...... #
#..[.####.####......
# ##.........#
#.#### #
#.##.##.##.# .#
##......##.##.# #
#.#.#####.##.. #.##.
.###### # # #


You could see an orc wizard, an orc and a giant cockroach.

Vanquished Creatures
  2 orc priests (D:3)
  An orc wizard (D:3)
  5 adders
  12 orcs (D:3)
  2 endoplasms (D:2)
  2 giant cockroaches
  6 goblins
  2 hobgoblins
  4 jackals (D:1)
  2 kobolds (D:3)
  3 ball pythons
  3 bats
  5 frilled lizards
  3 rats
52 creatures vanquished.

Notes
Turn   | Place    | Note
-------+----------+-------------------------------------------
     0 | D:1      | Gargoyl the Gargoyle Berserker began the quest for the Orb.
     0 | D:1      | Reached XP level 1. HP: 14/14 MP: 1/1
    61 | D:1      | Reached XP level 2. HP: 17/19 MP: 2/2
   782 | D:2      | Reached XP level 3. HP: 24/24 MP: 3/3
   958 | D:2      | Reached XP level 4. HP: 29/29 MP: 4/4
  1035 | D:2      | Reached ** piety under Trog
  1432 | D:3      | Reached XP level 5. HP: 24/33 MP: 5/5
  1646 | D:3      | Slain by an orc wizard

Illustrated notes

Levels and vault maps discovered:
D:1:      dpeg_arrival_rooms_with_view, layout_loops_ring, st_stairs_12
D:2:      layout_loops_ring
D:3:      layout_loops_ring, amethyst_overflow_temple_binary, chequers_garden

Skill      XL: |  1  2  3  4  5 |
---------------+----------------+-----
Axes           | 3 4 |  4.6
Fighting       | 4 |  4.4
Dodging        | 2 |  2.1
Armour         | 3 |  3.1
Stealth        | |  0.2

Action                     |  1- 3 |  4- 6 || total
---------------------------+-------+-------++-------
  Melee: Hand axe          |    74 |    60 ||   134
 Invoke: Berserk           |       |     2 ||     2
    Use: Scroll            |     4 |     3 ||     7
 Armour: Animal skin       |     8 |       ||     8
         Chain mail        |    53 |    69 ||   122
  Dodge: Dodged            |    47 |    39 ||    86

Table legend: (Time is in decaauts)
 A = Elapsed time spent in this place.
 B = Non-inter-level travel time spent in this place.
 C = Inter-level travel time spent in this place.
 D = Time resting spent in this place.
 E = Time spent auto-exploring this place.
 F = Levels seen in this place.
 G = Mean time per level.
                   A        B        C        D        E       F      G
               +--------+--------+--------+--------+--------+-----+--------+
         Total |   1663 |   1572 |     91 |      6 |   1084 |   3 |  554.3 |
       Dungeon |   1663 |   1572 |     91 |      6 |   1084 |   3 |  554.3 |
               +--------+--------+--------+--------+--------+-----+--------+

Top non-repeatable levels by time:
     D:1: 779 daAuts
     D:2: 601 daAuts
     D:3: 282 daAuts
